 Dungeon Crawl Stone Soup version 0.29-a0-617-g7a6b98fccd (webtiles) character file.

Game seed: 17080483132309253429

5386 Kaemin the Carver (level 10, -5/136 HPs)
             Began as a Minotaur Berserker on June 18, 2022.
             Was a Priest of Trog.
             Slain by a hornet (7 damage)
             ... on level 9 of the Dungeon.
             The game lasted 00:42:39 (8345 turns).

Kaemin the Carver (Minotaur Berserker)              Turns: 8345, Time: 00:42:42

Health: -5/136     AC: 26    Str: 32    XL:     10   Next: 39%
Magic:  9/9        EV:  9    Int:  4    God:    Trog [***...]
Gold:   346        SH:  0    Dex: 10    Spells: 9/9 levels left

rFire   . . .      SeeInvis .   E - +0 battleaxe (protect)
rCold   . . .      Faith    +   (shield currently unavailable)
rNeg    . . .      Spirit   .   d - +1 plate armour {Will+}
rPois   +          Reflect  .   (helmet restricted)
rElec   .          Harm     .   (no cloak)
rCorr   .          Rampage  .   i - +2 pair of gloves
Will    +++..                   (no boots)
Stlth   ..........              f - amulet of faith
HPRegen 1.32/turn               B - +6 ring of strength
MPRegen 0.11/turn               x - ring of poison resistance

@: berserking (expiring), lethally poisoned (-5 -> -7), strong-willed
(expiring), under a protective aura, regenerating (expiring), very quick
A: horns 2, retaliatory headbutt
a: Renounce Religion, Berserk, Trog's Hand


You were on level 9 of the Dungeon.
You worshipped Trog.
Trog was most pleased with you.
You visited 1 branch of the dungeon, and saw 9 of its levels.

You collected 346 gold pieces.

Inventory:

Hand Weapons
 a - a +0 falchion of electrocution
 r - a +3 dagger of protection
 E - a +0 battleaxe of protection (weapon)
Missiles
 u - 5 silver javelins (quivered)
 C - 2 boomerangs of dispersal
Armour
 b - a +0 animal skin
 d - a +1 plate armour of willpower (worn)
 i - a +2 pair of gloves (worn)
Magical Staves
 j - a staff of poison
 l - a staff of air
Jewellery
 f - an amulet of faith (around neck)
 k - a ring of magical power
 m - an amulet of reflection
 n - a +6 ring of intelligence
 q - a ring of protection from cold
 s - a ring of ice
 x - a ring of poison resistance (right hand)
 z - an amulet of regeneration
 B - a +6 ring of strength (left hand)
Wands
 o - a wand of iceblast (17)
Scrolls
 c - a scroll of vulnerability
 e - a scroll of magic mapping {unknown}
 h - 2 scrolls of noise
 y - a scroll of fog
 A - a scroll of fear {unknown}
Potions
 g - 3 potions of mutation {unknown}
 p - 2 potions of flight
 v - 3 potions of degeneration
 D - 2 potions of brilliance {unknown}


   Skills:
 + Level 9.0 Fighting
 + Level 11.5 Long Blades
 + Level 4.8 Axes
 + Level 0.3 Throwing
 + Level 10.8 Armour
 + Level 4.0 Dodging
 + Level 1.1 Stealth
 + Level 0.3 Evocations


You had 9 spell levels left.
You didn't know any spells.
Your spell library contained the following spells:

 Spells                   Type           Power      Damage    Failure   Level
 Magic Dart               Conj           0%         1d3       98%         1
 Necrotize                Necr           0%         1d4       98%         1
 Sandblast                Erth           0%         2d4       98%         1
 Passwall                 Tmut/Erth      0%         N/A       99%         2
 Searing Ray              Conj           0%         2d4       99%         2
 Call Canine Familiar     Summ           0%         N/A       100%        3
 Conjure Flame            Conj/Fire      0%         6-21      100%        3
 Ignite Poison            Fire/Tmut/Pois 0%         N/A       100%        3
 Portal Projectile        Hex/Tloc       0%         N/A       100%        3
 Stone Arrow              Conj/Erth      0%         3d7       100%        3
 Vampiric Draining        Necr           0%         2d6       100%        3
 Cause Fear               Hex            0%         N/A       100%        4
 Fulminant Prism          Conj/Hex       0%         3d6       100%        4
 Leda's Liquefaction      Hex/Erth       0%         N/A       100%        4
 Sticky Flame             Conj/Fire      0%         2d3       100%        4
 Agony                    Necr           0%         N/A       100%        5
 Dragon Form              Tmut           0%         N/A       100%        7
 Dragon's Call            Summ           0%         N/A       100%        9


Dungeon Overview and Level Annotations

Branches:
Dungeon (9/15)             Temple (0/1) D:4            Lair (0/6) D:9
    Orc: D:9-12

Altars:
Dithmenos
Elyvilon
Hepliaklqana
Trog
Xom
Yredelemnul
Zin

Shops:
D:7 *


Innate Abilities, Weirdness & Mutations

You have a pair of horns on your head.
You reflexively headbutt those who attack you in melee.


Message History

You barely miss the hornet. The hornet stings you.
* * * LOW HITPOINT WARNING * * *
You closely miss the hornet. Your headbutt misses the hornet.
The hornet stings you.
* * * LOW HITPOINT WARNING * * *
The hornet stings you but does no damage.
You closely miss the hornet. Your headbutt misses the hornet.
The hornet stings you.
* * * LOW HITPOINT WARNING * * *
You suddenly lose the ability to move!
The hornet stings you!
* * * LOW HITPOINT WARNING * * *
You shrug off the repeated paralysis!
The hornet stings you but does no damage.
You feel the effects of Trog's Hand fading.
The hornet stings you!
* * * LOW HITPOINT WARNING * * *
The hornet stings you but does no damage.
The hornet stings you.
* * * LOW HITPOINT WARNING * * *
You feel yourself slow down.
You can move again.
You are too berserk!
You barely miss the hornet. Your headbutt misses the hornet.
The hornet stings you but does no damage. x2
You slash the hornet!
Your weapon exudes an aura of protection.
The hornet is moderately wounded.
The hornet stings you.
* * * LOW HITPOINT WARNING * * *
You are lethally poisoned!
The hornet misses you.
You are too berserk!
The hornet attacks as you move away!
The hornet stings you but does no damage.
You feel yourself speed up.
* * * LOW HITPOINT WARNING * * *
You feel very sick. The hornet stings you!
You die...

........# #....# ........#
#....# ###.....# #....#
#...))##########....####...
#....).....#...#...........
#..........#...#...........
#..........#...#YO.........
######.....#...#YY.........
#.....###@#.YY........
######....y#######+######
#.....#.............
#.....#.............
#.....#........#
#.....#........#
#.....###'##...#
#..........#...#
#..........#...#


You could see a hornet.

Vanquished Creatures
  A two-headed ogre (D:6)
  Pikel (D:8)
  A troll (D:9)
  A shadow (D:8)
  10 yaks
  A water moccasin (D:7)
  Duvessa (D:4)
  A sky beast (D:6)
  2 orc warriors
  2 ice beasts
  A black bear (D:4)
  A lemure (D:8)
  A kobold brigand (D:8)
  3 bullfrogs
  4 scorpions
  2 necrophages
  Dowan (D:4)
  A howler monkey (D:4)
  5 hounds
  A gnoll shaman (D:9)
  5 jellies
  6 orc priests
  3 iguanas
  Jessica (D:2)
  Terence (D:2)
  5 orc wizards
  7 gnolls
  4 adders
  3 shadow imps (D:5)
  An ufetubus (D:6)
  3 worms
  3 dart slugs
  28 orcs
  6 endoplasms
  2 giant cockroaches (D:1)
  3 hobgoblins
  10 kobolds
  3 quokkas
  4 ball pythons
  2 bats (D:2)
  6 goblins
  5 rats
152 creatures vanquished.

Vanquished Creatures (collateral kills)
  A sky beast (D:7)
1 creature vanquished.

Vanquished Creatures (others)
  A wizard (D:7)
  5 fungi (D:9)
  6 plants (D:9)
12 creatures vanquished.

Grand Total: 165 creatures vanquished

Notes
Turn   | Place    | Note
-------+----------+-------------------------------------------
     0 | D:1      | Kaemin the Minotaur Berserker began the quest for the Orb.
     0 | D:1      | Reached XP level 1. HP: 19/19 MP: 0/0
   377 | D:1      | Reached XP level 2. HP: 27/27 MP: 1/1
   707 | D:1      | Found a faded altar of an unknown god.
   723 | D:1      | Reached skill level 4 in Long Blades
  1226 | D:2      | Noticed Terence
  1232 | D:2      | Killed Terence
  1233 | D:2      | Reached XP level 3. HP: 22/33 MP: 2/2
  1548 | D:2      | Reached ** piety under Trog
  1623 | D:2      | Noticed Jessica
  1629 | D:2      | Killed Jessica
  1630 | D:2      | Reached skill level 5 in Long Blades
  1630 | D:2      | Reached XP level 4. HP: 13/41 MP: 3/3
  2064 | D:3      | You fall into a shaft and drop 1 floor!
  2070 | D:4      | Reached XP level 5. HP: 41/47 MP: 4/4
  2124 | D:4      | Noticed a black bear
  2131 | D:4      | Killed a black bear
  2132 | D:4      | Reached skill level 6 in Long Blades
  2299 | D:4      | Reached XP level 6. HP: 51/53 MP: 5/5
  2392 | D:4      | Found a staircase to the Ecumenical Temple.
  2602 | D:4      | Reached skill level 5 in Fighting
  2659 | D:4      | Reached *** piety under Trog
  2730 | D:4      | Noticed Duvessa
  2730 | D:4      | Noticed Dowan
  2737 | D:4      | Killed Duvessa
  2738 | D:4      | Reached skill level 7 in Long Blades
  2751 | D:4      | Killed Dowan
  2752 | D:4      | Reached skill level 5 in Armour
  2752 | D:4      | Reached XP level 7. HP: 37/61 MP: 6/6
  2813 | D:4      | Found a shadowy altar of Dithmenos.
  2998 | D:5      | Entered Level 5 of the Dungeon
  3109 | D:5      | HP: 3/61 [acid (11)]
  3112 | D:5      | Reached skill level 8 in Long Blades
  4092 | D:5      | Reached XP level 8. HP: 70/70 MP: 7/7
  4132 | D:5      | Identified the +2 robe of Elaregoj {Harm}
  4421 | D:6      | Reached skill level 9 in Long Blades
  4824 | D:6      | Noticed a two-headed ogre
  4828 | D:6      | Killed a two-headed ogre
  4829 | D:6      | Reached skill level 10 in Long Blades
  4829 | D:6      | Reached skill level 1 in Stealth
  4829 | D:6      | Reached XP level 9. HP: 79/79 MP: 8/8
  5548 | D:7      | Found a bloodstained altar of Trog.
  5550 | D:7      | Noticed a wizard
  5555 | D:7      | Killed a wizard
  5622 | D:7      | Found a white marble altar of Elyvilon.
  5718 | D:7      | Found Opemuo's General Store.
  6139 | D:7      | Found a hazy altar of Hepliaklqana.
  6450 | D:8      | Noticed Pikel
  6465 | D:8      | Killed Pikel
  6466 | D:8      | Reached skill level 11 in Long Blades
  6500 | D:8      | Found a glowing silver altar of Zin.
  6866 | D:8      | Reached skill level 1 in Axes
  7115 | D:8      | Reached XP level 10. HP: 90/90 MP: 9/9
  7317 | D:8      | Reached skill level 10 in Armour
  7319 | D:8      | Reached **** piety under Trog
  7565 | D:8      | Found a basalt altar of Yredelemnul.
  7993 | D:9      | Found a shimmering altar of Xom.
  8033 | D:9      | Found a staircase to the Lair.
  8322 | D:9      | Noticed a two-headed ogre
  8339 | D:9      | Paralysed by a hornet for 3 turns
  8341 | D:9      | HP: 6/136 [hornet (10)]
  8345 | D:9      | HP: 2/136 [poisoned by a hornet]
  8345 | D:9      | Slain by a hornet

Illustrated notes

Levels and vault maps discovered:
D:1:      lightli_arrival_statuegarden, layout_loops_corners,
          chequers_ecumenical_altar_simple_redux, nicolae_wormholes
D:2:      layout_basic, uniq_jessica, uniq_terence
D:3:      layout_basic, grunt_temple_overflow_lords_of_destruction,
          fedhas_altar_fruit_tree, portal_sewer_entry_b, serial_shops,
          nicolae_shop_statue_plus
D:4:      layout_basic, mainiacjoe_overflow_alcove_1,
          minmay_temple_entry_antechambers, uniq_duvessa
D:5:      layout_cave_pods
D:6:      layout_loops_ring
D:7:      layout_basic, mainiacjoe_overflow_brackets, trog_wizard,
          nzn_hepliaklqana_mist_gate, serial_shops, nicolae_take_the_stairs
D:8:      nicolae_cairo_tiling, layout_loops_ring, mainiacjoe_overflow_24_doors,
          lemuel_round_altar, uniq_pikel
D:9:      layout_gridville, lemuel_tele_altar, led_sif_pool,
          grunt_lair_entry_orc_guard_hut

Skill      XL: |  1  2  3  4  5  6  7  8  9 10 |
---------------+-------------------------------+-----
Long Blades    | 4 5 6 7 8 10 11 | 11.5
Fighting       | 4 5 6 7 8 9 |  9.0
Armour         | 3 4 5 7 9 10 | 10.8
Dodging        | 3 4 |  4.0
Stealth        | 1 |  1.1
Axes           | 1 4 |  4.8
Throwing       | |  0.3
Evocations     | |  0.3

Action                   |  1- 3 |  4- 6 |  7- 9 | 10-12 || total
-------------------------+-------+-------+-------+-------++-------
Melee: Falchion          |    87 |    94 |   189 |       ||   370
       Headbutt          |    11 |    17 |    50 |    14 ||    92
       Punch             |       |     2 |       |       ||     2
       Battleaxe         |       |       |    50 |    55 ||   105
Throw: Javelin           |       |       |     2 |       ||     2
Invok: Berserk           |       |     4 |    10 |     5 ||    19
       Trog's Hand       |       |     1 |       |     1 ||     2
Evoke: Wand              |       |       |     2 |       ||     2
  Use: Scroll            |     4 |     3 |    12 |       ||    19
       Potion            |       |     3 |     4 |     2 ||     9
Armor: Plate armour      |    39 |    58 |   126 |    49 ||   272
       Skin              |       |       |     1 |       ||     1
Dodge: Dodged            |    33 |    35 |    73 |    31 ||   172

Table legend: (Time is in decaauts)
 A = Elapsed time spent in this place.
 B = Non-inter-level travel time spent in this place.
 C = Inter-level travel time spent in this place.
 D = Time resting spent in this place.
 E = Time spent auto-exploring this place.
 F = Levels seen in this place.
 G = Mean time per level.
                   A        B        C        D        E       F      G
               +--------+--------+--------+--------+--------+-----+--------+
         Total |   8503 |   6888 |   1615 |   1100 |   4640 |   9 |  944.8 |
       Dungeon |   8503 |   6888 |   1615 |   1100 |   4640 |   9 |  944.8 |
               +--------+--------+--------+--------+--------+-----+--------+

Top non-repeatable levels by time:
     D:7: 1510 daAuts
     D:8: 1396 daAuts
     D:5: 1287 daAuts
     D:1: 1211 daAuts
     D:4: 960 daAuts
     D:2: 805 daAuts
     D:6: 685 daAuts
     D:9: 610 daAuts
     D:3: 35 daAuts
